[Event "*** Titled Tuesday Blitz"]
[Site "Chess.com"]
[Date "2020.11.10"]
[Round "3"]
[White "JiiHart"]
[Black "tandaleo"]
[Result "0-1"]
[WhiteElo "2074"]
[BlackElo "2305"]
[TimeControl "180+1"]
[EndTime "10:30:27 PST"]
[Termination "tandaleo won by resignation"]

1. e4 e5 2. Nf3 Nc6 3. d4 exd4 4. Nxd4 Nf6 5. Nc3 Bb4 6. Nxc6 bxc6 7. Bd3 O-O 8. Bd2 d5 9. O-O Bxc3 10. Bxc3 Nxe4 11. Bxe4 dxe4 12. Qe2 Qe7 13. Rfe1 Bf5 14. Qa6 Qe6 15. Rad1 Qg6 16. Kh1 h5 17. Qa5 h4 18. Qxc7 h3 19.
Qg3 hxg2+ 20. Kg1 Qxg3 21. hxg3 Bg4 22. Rd6 Bf3 23. Rxc6 Rad8 24. Rc4 Rfe8 25. Bd4 Rd5 26. c3 Rh5 0-1

[Event "*** Titled Tuesday Blitz"]
[Site "Chess.com"]
[Date "2020.11.10"]
[Round "3"]
[White "ecwinslow"]
[Black "geordie_derraugh"]
[Result "0-1"]
[WhiteElo "2226"]
[BlackElo "2452"]
[TimeControl "180+1"]
[EndTime "10:30:29 PST"]
[Termination "geordie_derraugh won by resignation"]

1. e4 c5 2. Nf3 e6 3. d4 cxd4 4. Nxd4 Nc6 5. Nc3 Qc7 6. g3 Nf6 7. Bg2 a6 8. O-O h5 9. Re1 Nxd4 10. Qxd4 Bc5 11. Bf4 d6 12. Qd2 e5 13. Be3 Be6 14. Rad1 Rd8 15. Nd5 Bxd5 16. exd5 h4 17. c4 hxg3 18.
hxg3 Ng4 19. Bxc5 Qxc5 20. Rc1 a5 21. Re4 f5 22. Rxg4 fxg4 23. Qg5 O-O 24. Rc2 Qd4 25. Bf1 Rde8 26. Rd2 Qe4 27. Qh5 Qf5 28. Qh4 Rf6 29. Bd3 e4 30. Bf1 Rh6 0-1

[Event "*** Titled Tuesday Blitz"]
[Site "Chess.com"]
[Date "2020.11.10"]
[Round "3"]
[White "BilodeauA"]
[Black "sofaceindisguise"]
[Result "1-0"]
[WhiteElo "2917"]
[BlackElo "2671"]
[TimeControl "180+1"]
[EndTime "10:30:30 PST"]
[Termination "BilodeauA won by resignation"]

1. d4 Nf6 2. Nc3 d5 3. Bf4 a6 4. e3 e6 5. g4 Bd6 6. Qf3 Nc6 7. h4 e5 8. dxe5 Nxe5 9. Qg3 Nexg4 10. O-O-O Bxf4 11. exf4 g6 12. Re1+ Be6 13. h5 Nxh5 14.
Qxg4 Qf6 15. Nxd5 Qd8 16. Rxh5 gxh5 17. Qg7 Kd7 18. Rxe6 Kxe6 19. Qe5+ Kd7 20. Bh3+ Kc6 21. Bg2 Qd6 22. Nf6+ Kb6 23. Qe3+ c5 24. Qb3+ Ka5 25.
Nd5 c4 26. Qc3+ Kb5 27. a4+ Kc5 28. Ne2 1-0

[Event "*** Titled Tuesday Blitz"]
[Site "Chess.com"]
[Date "2020.11.10"]
[Round "3"]
[White "dropstoneDP"]
[Black "Fy_Rakotomaharo"]
[Result "1-0"]
[WhiteElo "2914"]
[BlackElo "2649"]
[TimeControl "180+1"]
[EndTime "10:30:30 PST"]
[Termination "dropstoneDP won by resignation"]

1. e4 e5 2. d3 Nf6 3. f4 exf4 4. Bxf4 Nc6 5. Nf3 Be7 6. Be2 O-O 7. O-O d6 8. c4 Bg4 9. Nc3 Nd7 10. Nd5 Bf6 11. Nxf6+ Qxf6 12. Qd2 h6 13. h3 Bxf3 14. Rxf3 Nd4 15.
Rf2 Nxe2+ 16. Qxe2 Qe6 17. Raf1 f5 18. exf5 Qxe2 19.
Rxe2 Rxf5 20. Re7 Rd8 21. d4 Kf8 22. Rxd7 Rxd7 23. Bxd6+ Rxd6 24. Rxf5+ Ke7 25. d5 c6 26.
dxc6 bxc6 27. Ra5 Rd7 28. b4 Rb7 29. a3 Kd6 30. Kf2 Re7 31. Ra6 Re4 32. c5+ Kd5 33. Rxa7 g5 34. Rd7+ Kc4 35. Rd6 Kb5 36. Rxh6 Rf4+ 37. Ke3 Rc4 38. Kd3 g4 39. Rxc6 1-0

[Event "*** Titled Tuesday Blitz"]
[Site "Chess.com"]
[Date "2020.11.10"]
[Round "3"]
[White "Morshynska"]
[Black "Pintacara"]
[Result "1-0"]
[WhiteElo "2233"]
[BlackElo "2410"]
[TimeControl "180+1"]
[EndTime "10:30:32 PST"]
[Termination "Morshynska won by resignation"]

1. Nf3 d5 2. g3 Nf6 3. Bg2 Bf5 4.
O-O Nc6 5. d4 h5 6. c4 e6 7. Nc3 dxc4 8. Qa4 Nd5 9. Ne5 Bd6 10.
Nxc6 Nxc3 11. bxc3 Qd7 12. Qxc4 O-O 13. Ne5 Bxe5 14.
dxe5 c6 15. Bg5 Qc7 16. Qc5 f6 17. exf6 gxf6 18. Bh6 Rfd8 19. Rad1 Kh7 20. Bf4 e5 21. Be3 Rxd1 22. Rxd1 Rd8 23. Rxd8 Qxd8 24. h4 Kg6 25. Qxa7 Qd1+ 26. Kh2 Qd7 27. a4 Be6 28. a5 f5 29.
a6 f4 30. axb7 fxe3 31. b8=Q 1-0

[Event "*** Titled Tuesday Blitz"]
[Site "Chess.com"]
[Date "2020.11.10"]
[Round "3"]
[White "DarZay"]
[Black "Kaua18"]
[Result "0-1"]
[WhiteElo "2066"]
[BlackElo "2296"]
[TimeControl "180+1"]
[EndTime "10:30:32 PST"]
[Termination "Kaua18 won on time"]

1. e4 c5 2. Nf3 Nc6 3. d4 cxd4 4. Nxd4 Nf6 5. Nc3 e6 6. Ndb5 d6 7. Be3 a6 8. Na3 b5 9. Nab1 b4 10. Na4 Nxe4 11. Bb6 Qd7 12. f3 Nc5 13. Bxc5 dxc5 14. Qxd7+ Bxd7 15. Nb6 Ra7 16. Nd2 Be7 17. Ndc4 O-O 18.
O-O-O Bc8 19. Nd6 Bxd6 20. Rxd6 Nd4 21. Nxc8 Rxc8 22. Bxa6 Rca8 23. Bc4 Kf8 24. c3 bxc3 25. bxc3 Ra3 26. Kb2 Nf5 27. Rd3 Nh4 28. g3 Ng6 29. Rhd1 Ne5 30. Rd8+ Ke7 31. Rxa8 Nxc4+ 32. Kc2 Rxa8 33.
Kb3 Nd6 34. c4 Rb8+ 35. Kc3 Rb4 36. a3 Rxc4+ 37. Kb3 Rd4 38. Rc1 Rd3+ 0-1

[Event "*** Titled Tuesday Blitz"]
[Site "Chess.com"]
[Date "2020.11.10"]
[Round "3"]
[White "suyu28"]
[Black "vugarrasulov"]
[Result "0-1"]
[WhiteElo "2629"]
[BlackElo "2872"]
[TimeControl "180+1"]
[EndTime "10:30:33 PST"]
[Termination "vugarrasulov won by resignation"]

1. c4 g6 2. d4 Bg7 3. g3 c5 4. d5 b5 5. cxb5 a6 6. bxa6 d6 7. Nc3 Nf6 8. a7 Rxa7 9. Nf3 O-O 10. Bg2 Na6 11. O-O Bf5 12. Nd2 Nb4 13. e4 Bg4 14.
f3 Bc8 15. a3 Nd3 16. Qc2 Ba6 17. Rd1 Nxd5 18. Nb3 Nxc3 19. bxc3 Nxc1 20. Rdxc1 Qb6 21. Kh1 Rb8 22. Rcb1 Qc7 23. Nd2 Rab7 24. Rxb7 Qxb7 25. Rb1 Qc7 26. Bf1 Rxb1 27. Qxb1 Bxf1 28. Nxf1 Bxc3 29. Qb3 Bd4 30. Nd2 e6 31. Kg2 Qa5 32. Nc4 Qe1 33. Qd3 d5 34. exd5 exd5 35. Nb6 Qf2+ 36. Kh3 c4 37.
Qd1 Bxb6 38. Qxd5 c3 39. Qe5 Bd4 0-1

[Event "*** Titled Tuesday Blitz"]
[Site "Chess.com"]
[Date "2020.11.10"]
[Round "3"]
[White "markberk"]
[Black "seorobert1971"]
[Result "1-0"]
[WhiteElo "2444"]
[BlackElo "2676"]
[TimeControl "180+1"]
[EndTime "10:30:33 PST"]
[Termination "markberk won by resignation"]

1. Nf3 Nf6 2. g3 b5 3. Bg2 Bb7 4. d4 e6 5. O-O c5 6. Na3 a6 7.
c4 b4 8. Nc2 Qb6 9. Bf4 cxd4 10.
Ncxd4 Nc6 11. Nxc6 Bxc6 12. Bd6 Bxf3 13. c5 Qb5 14. Bxf3 Rc8 15. Rc1 a5 16. Qd4 Bxd6 17. Qxd6 Qb8 18. Rfd1 Qxd6 19. Rxd6 Ke7 20. Ra6 Rc7 21.
Rxa5 Rb8 22. Rc4 Ke8 23. b3 g6 24. Kf1 Ng8 25. Ke1 Ne7 26. Kd2 Nc8 27. Ra4 d5 28.
cxd6 Rxc4 29. bxc4 Nxd6 30. c5 Nc4+ 31. Kc2 Ke7 32.
Ra7+ Kf6 33. c6 Na3+ 34. Kb3 Nb5 35. Rb7 1-0

[Event "*** Titled Tuesday Blitz"]
[Site "Chess.com"]
[Date "2020.11.10"]
[Round "3"]
[White "jacky72"]
[Black "Deepweb2020"]
[Result "1-0"]
[WhiteElo "2531"]
[BlackElo "2237"]
[TimeControl "180+1"]
[EndTime "10:30:34 PST"]
[Termination "jacky72 won by resignation"]

1. e4 e5 2. Nf3 Nc6 3. Bc4 Bc5 4. Nc3 Nf6 5. d3 d6 6. h3 a6 7. a3 Ba7 8. Ba2 Ne7 9. Be3 Ng6 10. Qd2 Be6 11. O-O O-O 12. d4 Bxa2 13. Rxa2 Qe7 14.
Re1 Nh5 15. Nd5 Qd8 16. Raa1 c6 17. Nc3 Qf6 18. Bg5 Qe6 19. d5 cxd5 20. Nxd5 Rac8 21. Rad1 Rfe8 22. b3 f5 23. c4 fxe4 24. Rxe4 Qf5 25.
Rde1 Kh8 26. Nh4 Nxh4 27. Bxh4 Rf8 28. Ne7 Qe6 29. Nxc8 Rxc8 30. Qg5 Nf6 31. R4e2 Bd4 32. Qd2 Qf5 33. Kh1 Rf8 34. Bxf6 Rxf6 35. f3 Rh6 36.
Kh2 Rg6 37. Qxd4 1-0

[Event "*** Titled Tuesday Blitz"]
[Site "Chess.com"]
[Date "2020.11.10"]
[Round "3"]
[White "kai_nov"]
[Black "Annawel"]
[Result "0-1"]
[WhiteElo "2327"]
[BlackElo "2919"]
[TimeControl "180+1"]
[EndTime "10:30:36 PST"]
[Termination "Annawel won by resignation"]

1. d4 f5 2. g3 Nf6 3. Bg2 g6 4. Nf3 Bg7 5. O-O O-O 6. c4 d6 7. Nc3 c6 8. b3 Qc7 9. Bb2 e5 10. dxe5 dxe5 11. e4 Na6 12. Ba3 Rd8 13. Qc2 f4 14.
Rad1 Bg4 15. h3 Bxf3 16. Bxf3 Bf8 17. Bxf8 Rxf8 18. gxf4 exf4 19. Na4 Rae8 20. c5 Nd7 21. Qc4+ Rf7 22. Rxd7 Qxd7 23. Bg4 Qe7 24. Re1 h5 25. Bf3 Kg7 26. b4 Qe5 27. Nc3 Rd7 28. a3 Rd4 29. Qb3 Rd3 0-1

[Event "*** Titled Tuesday Blitz"]
[Site "Chess.com"]
[Date "2020.11.10"]
[Round "3"]
[White "Alohamora11"]
[Black "Msb2"]
[Result "0-1"]
[WhiteElo "2463"]
[BlackElo "2892"]
[TimeControl "180+1"]
[EndTime "10:30:36 PST"]
[Termination "Msb2 won by resignation"]

1. e4 e6 2. d4 d5 3. Nc3 Nf6 4.
Bg5 dxe4 5. Nxe4 Be7 6. Bxf6 gxf6 7. Nf3 f5 8. Nc3 a6 9. Qd3 b5 10. O-O-O b4 11. Na4 Qd5 12. Qc4 Bb7 13. Nc5 Qxc4 14. Bxc4 Bxc5 15. dxc5 Bxf3 16. gxf3 Nd7 17. Rhe1 Ke7 18.
c6 Nb6 19. Bd3 Kf6 20. f4 a5 21. Rg1 Rhg8 22. Rg3 Rg6 23. Rdg1 Nd5 24. Rd1 Nxf4 25. Bb5 Nd5 26. Bc4 Nb6 27. Bb5 Rag8 28. a3 h5 29.
axb4 axb4 30. Rb3 Rg4 31. Be2 Rf4 32. Bxh5 Rh8 33. Rh3 Rxf2 34. Rg1 Nd5 35. Rf3 Rxh2 36.
Bg4 Rg8 37. Rgg3 Ke7 38. Bh3 Rxg3 39. Rxg3 Nf4 40. Bf1 e5 41. Kd1 Kd6 42. Rb3 Rf2 43. Bc4 e4 44. Bxf7 Kxc6 45. Rxb4 e3 46. Ke1 Ng2+ 0-1

[Event "*** Titled Tuesday Blitz"]
[Site "Chess.com"]
[Date "2020.11.10"]
[Round "3"]
[White "InitiatingASC"]
[Black "MatyChess1"]
[Result "1-0"]
[WhiteElo "2397"]
[BlackElo "2568"]
[TimeControl "180+1"]
[EndTime "10:30:37 PST"]
[Termination "InitiatingASC won by resignation"]

1. Nf3 d5 2. g3 Nd7 3. Bg2 e5 4. d3 Ngf6 5. O-O Bc5 6. a3 O-O 7. b4 Bb6 8. Bb2 Re8 9. Nbd2 c6 10. e4 a6 11. c4 Ba7 12. Qe2 d4 13. c5 b6 14.
cxb6 Nxb6 15. Rac1 Na4 16. Ba1 c5 17. Nc4 cxb4 18.
axb4 Bb8 19. Na5 Bd6 20. Qd2 Qe7 21. Nc6 Qb7 22. Nfxd4 Bd7 23. Nf5 Bf8 24. Nxe5 Bxb4 25. Qg5 Bxf5 26. exf5 Qb5 27. Nd7 1-0

[Event "*** Titled Tuesday Blitz"]
[Site "Chess.com"]
[Date "2020.11.10"]
[Round "3"]
[White "FMKonstantin_Twitch"]
[Black "ARTHURMOTIVATOR"]
[Result "1-0"]
[WhiteElo "2552"]
[BlackElo "2349"]
[TimeControl "180+1"]
[EndTime "10:30:38 PST"]
[Termination "FMKonstantin_Twitch won on time"]

1. e4 c6 2. Nf3 d5 3. Nc3 dxe4 4. Nxe4 Nf6 5. Qe2 Bf5 6. Nxf6+ gxf6 7. d4 e6 8. Nh4 Bg6 9. Nxg6 hxg6 10. c3 Bd6 11. g3 Nd7 12. Bg2 Qc7 13. h4 O-O-O 14. Be3 f5 15. Bg5 Rde8 16. O-O-O e5 17. dxe5 Nxe5 18. Kb1 Ng4 19. Qd2 f6 20. Qxd6 Qxd6 21. Rxd6 fxg5 22. Rxg6 gxh4 23. gxh4 Nxf2 24. Rf1 Re2 25. Bf3 Rd2 26. Rg2 Rxh4 27. Rgxf2 Rxf2 28. Rxf2 Rf4 29. Rf1 Kc7 30. Be2 Re4 31. Bd3 Re3 32. Bxf5 b5 33. Bc2 Kb6 34. a3 a5 35. Rf6 Re1+ 36. Ka2 Re2 37. Bd1 Re5 38. Bf3 Rc5 39. a4 b4 40.
cxb4 axb4 41. Rxc6+ Rxc6 42. Bxc6 Kxc6 43. Kb3 Kc5 44.
Kc2 Kc4 45. Kc1 Kc5 46. b3 1-0

[Event "*** Titled Tuesday Blitz"]
[Site "Chess.com"]
[Date "2020.11.10"]
[Round "3"]
[White "Stalri"]
[Black "capatl"]
[Result "0-1"]
[WhiteElo "2194"]
[BlackElo "2497"]
[TimeControl "180+1"]
[EndTime "10:30:38 PST"]
[Termination "capatl won by checkmate"]

1. d4 d5 2. c4 e6 3. Nc3 Nf6 4. cxd5 exd5 5. Bg5 c6 6. e3 Nbd7 7. Bd3 Be7 8. Qc2 Nf8 9. f3 g6 10. Nge2 Ne6 11. Bh4 O-O 12. O-O Nh5 13. Bf2 f5 14. Rfb1 Bd7 15. b4 a6 16. a4 b5 17. axb5 axb5 18. Nc1 Rxa1 19. Rxa1 Qc7 20. N1a2 Ra8 21. Rc1 Qa7 22. g3 Qa3 23. Rb1 Nf6 24. Rb3 Qa6 25.
Nc1 Ne8 26. Rb2 Nd6 27. Ra2 Qb7 28. Nb3 Nc4 29. Nc5 Nxc5 30. dxc5 Bf6 31. Ne2 Ne5 32. Nd4 Rxa2 33. Qxa2 Nxd3 34. Qa5 Ne5 35. f4 Nc4 36. h4 Nxa5 37. bxa5 b4 38. Nb3 Qb5 39.
Be1 Bc3 40. Bf2 Bc8 41. Kh2 Ba6 42. h5 Qf1 43. Bg1 Be2 44. a6 Bf3 45. a7 Qg2# 0-1

[Event "*** Titled Tuesday Blitz"]
[Site "Chess.com"]
[Date "2020.11.10"]
[Round "3"]
[White "eljanov"]
[Black "LaStreetCmaMaison"]
[Result "0-1"]
[WhiteElo "2815"]
[BlackElo "2623"]
[TimeControl "180+1"]
[EndTime "10:30:39 PST"]
[Termination "LaStreetCmaMaison won on time"]

1. Nf3 Nf6 2. g3 c5 3. Bg2 Nc6 4. O-O d5 5. d4 e6 6. c4 dxc4 7. Qa4 Bd7 8. dxc5 Bxc5 9. Qxc4 Bb6 10. Rd1 Rc8 11. Nc3 h6 12. Qd3 O-O 13. Bf4 Nb4 14.
Qd2 Bxf2+ 15. Kxf2 Rxc3 16. Ne5 Qb6+ 17. Qd4 Rc5 18.
Nxd7 Nxd7 19. Bd6 Nc2 0-1

[Event "*** Titled Tuesday Blitz"]
[Site "Chess.com"]
[Date "2020.11.10"]
[Round "3"]
[White "hansen"]
[Black "PlotnikovPavel"]
[Result "1-0"]
[WhiteElo "2898"]
[BlackElo "2464"]
[TimeControl "180+1"]
[EndTime "10:30:39 PST"]
[Termination "hansen won by checkmate"]

1. e4 e5 2. Nf3 Nc6 3. Bb5 a6 4.
Ba4 Nf6 5. O-O Nxe4 6. d4 b5 7. Bb3 d5 8. dxe5 Be6 9. Nbd2 Be7 10. c3 O-O 11. Re1 Nc5 12. Bc2 d4 13. Nb3 dxc3 14. bxc3 Bg4 15. Nbd4 Nxd4 16. cxd4 Ne6 17. d5 Ng5 18.
Bxg5 Bxg5 19. Qd3 g6 20. Nxg5 Qxg5 21. Qc3 Rad8 22. Bb3 Rd7 23. Qg3 Qh5 24. Rac1 Rfd8 25. e6 fxe6 26. dxe6 Re7 27. Rxc7 Rde8 28. Rxe7 Rxe7 29.
h3 Bf5 30. Qb8+ Kg7 31. Qe5+ Kh6 32. Qf6 Qg5 33. Qf8+ Kh5 34. Bd1+ Kh4 35. Kh2 Qd2 36. g3+ Kg5 37. h4# 1-0

[Event "*** Titled Tuesday Blitz"]
[Site "Chess.com"]
[Date "2020.11.10"]
[Round "3"]
[White "MVM2008"]
[Black "Qvalda"]
[Result "0-1"]
[WhiteElo "2182"]
[BlackElo "2409"]
[TimeControl "180+1"]
[EndTime "10:30:39 PST"]
[Termination "Qvalda won on time"]

1. e4 c6 2. d4 d5 3. Nc3 dxe4 4. Nxe4 Bf5 5. Ng3 Bg6 6. Nf3 Nd7 7. Bd3 e6 8. O-O Bd6 9. c3 Ngf6 10. Re1 O-O 11.
Bxg6 hxg6 12. Ne4 Nxe4 13. Rxe4 Nf6 14. Re1 Qc7 15. Bg5 c5 16. dxc5 Qxc5 17. Qd4 Qxd4 18. Nxd4 a6 19. Rad1 Rfd8 20. Rd2 Bc5 21. Red1 Ne4 22.
Bxd8 Nxd2 23. Nxe6 Ne4 24. Nxc5 Nxc5 25. Bb6 Na4 26. Be3 Nxb2 27. Rb1 Na4 28. Rxb7 Nxc3 29. Rb2 Nd5 30. g3 f5 31. Kg2 Rc8 32. Bd4 Rc4 33. Be5 Re4 34. f4 Ne3+ 35. Kh3 Ng4 36. Rb8+ Kh7 37. Rb7 Re2 38. Rxg7+ Kh6 0-1

[Event "*** Titled Tuesday Blitz"]
[Site "Chess.com"]
[Date "2020.11.10"]
[Round "3"]
[White "CHESSMASTER759"]
[Black "Jospem"]
[Result "0-1"]
[WhiteElo "2651"]
[BlackElo "2914"]
[TimeControl "180+1"]
[EndTime "10:30:42 PST"]
[Termination "Jospem won by resignation"]

1. e4 e5 2. Nf3 Nc6 3. Bc4 Bc5 4.
O-O Nf6 5. d3 d6 6. c3 a5 7. a4 O-O 8. Re1 h6 9. h3 Be6 10. Nbd2 Re8 11. Bb3 d5 12. Qe2 Qd7 13. Bc2 Rad8 14. Nf1 d4 15. Bd2 Bf8 16. Ng3 Qc8 17.
Nh4 g6 18. Nf3 Nd7 19. cxd4 exd4 20. Nh4 Nc5 21. f4 Bb3 22. Bb1 Nb4 23. Bxb4 axb4 24.
f5 g5 25. Nf3 Nd7 26. Qd2 Ne5 27. Nxg5 hxg5 28. Qxg5+ Kh7 29. Qh4+ Bh6 30. f6 Rg8 31.
Rf1 Be6 32. Nf5 Bxf5 33. Rxf5 Qxf5 0-1

[Event "*** Titled Tuesday Blitz"]
[Site "Chess.com"]
[Date "2020.11.10"]
[Round "3"]
[White "MartinMatthiesen"]
[Black "vovachesss"]
[Result "0-1"]
[WhiteElo "2412"]
[BlackElo "2676"]
[TimeControl "180+1"]
[EndTime "10:30:42 PST"]
[Termination "vovachesss won on time"]

1. d4 e5 2. dxe5 Nc6 3. Nf3 Nge7 4. Bf4 Ng6 5. Bg3 Qe7 6. Nc3 Qb4 7. Rb1 Qa5 8. e3 Ngxe5 9. Nxe5 Nxe5 10. Qd5 Nc6 11. Qxa5 Nxa5 12. Bxc7 Nc6 13. Nd5 d6 14. Bb5 Be6 15.
Rd1 a6 16. Ba4 b5 17. Bb3 a5 18. a3 Ra6 19. Bb8 Kd7 20. Nc7 Rb6 21. Nxe6 fxe6 0-1

[Event "*** Titled Tuesday Blitz"]
[Site "Chess.com"]
[Date "2020.11.10"]
[Round "3"]
[White "djano"]
[Black "Makogon_Natalya"]
[Result "1-0"]
[WhiteElo "2469"]
[BlackElo "1593"]
[TimeControl "180+1"]
[EndTime "10:30:42 PST"]
[Termination "djano won by resignation"]

1. d4 d5 2. Nf3 c6 3. Bf4 e6 4.
Nbd2 Nf6 5. e3 Bd6 6. Ne5 O-O 7. Bd3 c5 8. c3 cxd4 9. exd4 Nc6 10. Ndf3 Nxe5 11.
dxe5 Nh5 12. Bxh7+ Kh8 13. Bg5 Be7 14. Bxe7 Qxe7 15. Bc2 g6 16. Qd2 f5 17. exf6 Rxf6 18.
Qh6+ Qh7 19. Qg5 Qf7 20. Ne5 Qg7 21. Nxg6+ Rxg6 22. Bxg6 Nf6 23. h4 Bd7 24. h5 Rg8 25.
O-O-O Ne4 26. Qe3 Rf8 27. Bxe4 dxe4 28. h6 Qxg2 29. Rhg1 Qf3 30. Qxf3 Rxf3 31. Rxd7 Rxf2 32. h7 1-0

[Event "*** Titled Tuesday Blitz"]
[Site "Chess.com"]
[Date "2020.11.10"]
[Round "3"]
[White "Zkid"]
[Black "talman67"]
[Result "1-0"]
[WhiteElo "2764"]
[BlackElo "2536"]
[TimeControl "180+1"]
[EndTime "10:30:43 PST"]
[Termination "Zkid won by resignation"]

1. d4 Nf6 2. c4 e6 3. Nc3 Bb4 4. Qc2 O-O 5. a3 Bxc3+ 6. Qxc3 d5 7. Bg5 c5 8. cxd5 cxd4 9. Qxd4 Nc6 10. Qc3 Nxd5 11. Bxd8 Nxc3 12. Bh4 Na4 13. O-O-O e5 14. e3 Bf5 15. Bd3 Bxd3 16. Rxd3 f6 17. Ne2 Rac8 18.
Kb1 Nc5 19. Rd5 b6 20. f3 Rfd8 21. Nc3 Ne7 22. Rdd1 Kf7 23. e4 Ke6 24. Bf2 Nd3 25. Be3 g6 26. Nb5 a6 27. Bxb6 axb5 28. Bxd8 Nf2 29.
Bxe7 Nxd1 30. Rxd1 Kxe7 31. Rd5 Rb8 32. Kc2 b4 33. a4 Ke6 34. Kb3 f5 35. a5 Rf8 36.
a6 fxe4 37. fxe4 Ra8 38. Ra5 Kd6 39. a7 Kc6 40. Kxb4 Kb6 41. Rxe5 Rxa7 42. Re6+ 1-0

[Event "*** Titled Tuesday Blitz"]
[Site "Chess.com"]
[Date "2020.11.10"]
[Round "3"]
[White "kasparicy"]
[Black "thedjoker98"]
[Result "0-1"]
[WhiteElo "2380"]
[BlackElo "2581"]
[TimeControl "180+1"]
[EndTime "10:30:45 PST"]
[Termination "thedjoker98 won by resignation"]

1. e3 d5 2. Nf3 Nf6 3. g3 Bg4 4. Bg2 Nbd7 5. h3 Bxf3 6. Qxf3 e5 7. d4 e4 8. Qe2 Bd6 9. c4 c6 10. Nc3 O-O 11. O-O Qe7 12. Kh2 Qe6 13. b3 Ne8 14. c5 Bc7 15. b4 b6 16. Bd2 a5 17.
a3 b5 18. Rfb1 a4 19. f4 exf3 20. Qxf3 f5 21. Rf1 g6 22. Rae1 Nef6 23. Kg1 Rae8 24.
Re2 Nh5 25. Be1 Ndf6 26. Kh1 Ne4 27. Nxe4 dxe4 28. Qf2 Nxg3+ 29. Kg1 f4 30. exf4 Rxf4 31. Qe3 Nxf1 32. Bxf1 Rf3 33. Qg5 Rxf1+ 34. Kxf1 Qxh3+ 35. Kg1 Rf8 36. Qg2 Bh2+ 37. Kh1 Rf1+ 0-1

[Event "*** Titled Tuesday Blitz"]
[Site "Chess.com"]
[Date "2020.11.10"]
[Round "3"]
[White "Nara_Kh"]
[Black "Campelov"]
[Result "1-0"]
[WhiteElo "2345"]
[BlackElo "2148"]
[TimeControl "180+1"]
[EndTime "10:30:45 PST"]
[Termination "Nara_Kh won by resignation"]

1. e4 c5 2. Nf3 e6 3. d4 cxd4 4. Nxd4 Nc6 5. Nc3 Qc7 6. Be3 Nf6 7. Be2 a6 8. O-O Bb4 9. Na4 Be7 10. Nxc6 bxc6 11. Nb6 Rb8 12. Nxc8 Qxc8 13. e5 Nd5 14.
Bd4 c5 15. c4 cxd4 16. cxd5 Qc5 17. dxe6 dxe6 18. Qa4+ Kf8 19. Rac1 Qxe5 20. Bxa6 g6 21. Rfd1 Bf6 22. b4 Kg7 23. b5 Rhd8 24. Rd3 Qd6 25.
Qc4 e5 26. f3 Bg5 27. Re1 f5 28. a4 Bf6 29. a5 Re8 30. b6 e4 31. fxe4 fxe4 32.
Rdd1 d3 33. Qc7+ Qe7 34. Rxe4 Qxc7 35. bxc7 Rxe4 36. cxb8=Q Bd4+ 37. Kf1 1-0

[Event "*** Titled Tuesday Blitz"]
[Site "Chess.com"]
[Date "2020.11.10"]
[Round "3"]
[White "chito89"]
[Black "hungrycaterpillar4"]
[Result "1/2-1/2"]
[WhiteElo "2850"]
[BlackElo "2625"]
[TimeControl "180+1"]
[EndTime "10:30:48 PST"]
[Termination "Game drawn by repetition"]

1. c4 c6 2. Nf3 d5 3. e3 Nf6 4. Nc3 e6 5. b3 Bd6 6. Bb2 e5 7. cxd5 cxd5 8. Nb5 Nc6 9. Nxd6+ Qxd6 10. d4 Ne4 11.
dxe5 Qb4+ 12. Nd2 Bf5 13. a3 Qxd2+ 14. Qxd2 Nxd2 15. Kxd2 Na5 16. Bb5+ Ke7 17. Ba4 b5 18. Bc3 bxa4 19. Bxa5 axb3 20. Rac1 Rhc8 21. Bc3 Rab8 22. Bb2 a5 23. Rxc8 Rxc8 24. Rc1 Rxc1 25. Kxc1 a4 26. f3 Bd3 27. Kd2 Bf1 28. g3 h5 29.
Ke1 Bb5 30. Kd2 g6 31. e4 dxe4 32. fxe4 Bc6 33. Ke3 Kd7 34. Kd4 Ke6 35. h4 Ba8 36.
Bc3 Bb7 37. Bb2 Kd7 38. Bc3 Kc6 39. Kc4 Kd7 40. Kd4 Ba8 41. Bb2 Ke6 42. Bc3 Bb7 43.
Bb2 Ba8 1/2-1/2

[Event "*** Titled Tuesday Blitz"]
[Site "Chess.com"]
[Date "2020.11.10"]
[Round "3"]
[White "Oglob71"]
[Black "MarkoPe"]
[Result "1-0"]
[WhiteElo "2454"]
[BlackElo "2226"]
[TimeControl "180+1"]
[EndTime "10:30:48 PST"]
[Termination "Oglob71 won on time"]

1. d4 d5 2. Nf3 e6 3. c4 Nf6 4. Qc2 Be7 5. Bg5 O-O 6. e3 h6 7. Bf4 Bd6 8. Bg3 b6 9. Nc3 Bb7 10. Bh4 c5 11. cxd5 exd5 12. Bd3 Nbd7 13. O-O Rc8 14.
Rfd1 Qc7 15. Bf5 Rcd8 16. Nb5 Qb8 17. Nxd6 Qxd6 18. Bg3 Qe7 19. Qa4 Ne4 20. Qxa7 Bc6 21. Bxd7 Rxd7 22. Qxb6 Bb7 23. dxc5 Nxc5 24. Nd4 Ne4 25.
Rac1 h5 26. Nf5 Qe6 27. Qxe6 fxe6 28. Nd4 Rf6 29. Be5 Rg6 30. f3 Ng5 31. Kf2 Rf7 32.
h4 Ne4+ 33. Kg1 Nf6 34. Rc7 Ba6 35. Nxe6 Be2 36. Rc8+ Kh7 37. Rdc1 Bxf3 38. Ng5+ Kh6 39.
gxf3 Nh7 40. Rh8 Rxg5+ 41. hxg5+ Kg6 42. f4 h4 43. Kg2 1-0

[Event "*** Titled Tuesday Blitz"]
[Site "Chess.com"]
[Date "2020.11.10"]
[Round "3"]
[White "Mambastik-Fantastic"]
[Black "picturesquecheck"]
[Result "0-1"]
[WhiteElo "2289"]
[BlackElo "2113"]
[TimeControl "180+1"]
[EndTime "10:30:48 PST"]
[Termination "picturesquecheck won by resignation"]

1. e4 c5 2. Nf3 Nc6 3. d4 cxd4 4. Nxd4 Nf6 5. Nc3 d6 6. Be2 e5 7. Nf3 Be7 8. h3 h6 9. O-O Be6 10. Re1 O-O 11. Bf1 Rc8 12. a4 Re8 13. Nd5 Bxd5 14.
exd5 Nb4 15. c4 a5 16. b3 Na6 17. Bb2 Nd7 18. Rc1 Ndc5 19. g3 f5 20. Bg2 Rf8 21.
h4 Qb6 22. Nd2 Nd3 23. Qc2 Nxe1 24. Rxe1 Bf6 25. Qxf5 Bxh4 26. Qe6+ Kh8 27. Ne4 Bxg3 28. c5 Nxc5 29. Qg6 Nd3 30. Qxg3 Nxe1 31. Bh3 Rce8 32. Bc1 Qd4 33. Qg6 Nf3+ 34. Kg2 Nh4+ 0-1

[Event "*** Titled Tuesday Blitz"]
[Site "Chess.com"]
[Date "2020.11.10"]
[Round "3"]
[White "Pliukha_Mikhail"]
[Black "Aygehovit1992"]
[Result "0-1"]
[WhiteElo "2481"]
[BlackElo "2673"]
[TimeControl "180+1"]
[EndTime "10:30:49 PST"]
[Termination "Aygehovit1992 won by checkmate"]

1. e4 c5 2. d4 cxd4 3. c3 d3 4. Bxd3 Nc6 5. Nf3 g6 6. O-O Bg7 7. Qe2 d6 8. Rd1 Bg4 9. h3 Bxf3 10. Qxf3 Nf6 11. Bc2 O-O 12. Bf4 Qb6 13. Bb3 a5 14.
Be3 Qc7 15. Na3 a4 16. Bc2 Nd7 17. Qe2 Ra5 18. Nc4 Ra6 19. Rd5 Rc8 20. Rad1 Nb4 21. cxb4 Qxc4 22. Qxc4 Rxc4 23. Bd3 Rxb4 24. Bxa6 bxa6 25.
Bd4 Nf6 26. Ra5 Nxe4 27. Bxg7 Kxg7 28. Rxa6 Rxb2 29. Rxa4 Nc3 30. Rdd4 Ne2+ 31. Kf1 Nxd4 32. Rxd4 Rxa2 33. Kg1 f5 34. Rb4 Kf6 35. Rb7 h5 36. Rd7 h4 37. Rd8 Rd2 38. Rh8 g5 39. Rh6+ Kf7 40.
Rh5 Kg6 41. Rh8 e5 42. Rg8+ Kf6 43. Rf8+ Ke6 44. Rg8 d5 45. Rxg5 d4 46. Kf1 d3 47.
Ke1 Re2+ 48. Kf1 Ra2 49. Ke1 e4 50. Rg8 Ra1+ 51. Kd2 Rf1 52. Ke3 Re1+ 53. Kd2 Re2+ 54. Kd1 Rxf2 55. g4 hxg3 56. Rxg3 f4 57. Rg5 e3 58.
Ke1 d2+ 59. Kd1 Rf1+ 60. Kc2 d1=Q+ 61. Kc3 Qd2+ 62. Kb3 Rb1+ 63. Kc4 Rb4+ 64. Kc5 Qd6# 0-1

[Event "*** Titled Tuesday Blitz"]
[Site "Chess.com"]
[Date "2020.11.10"]
[Round "3"]
[White "Mikhail_Golubev"]
[Black "mapleaff"]
[Result "1-0"]
[WhiteElo "2572"]
[BlackElo "2374"]
[TimeControl "180+1"]
[EndTime "10:30:49 PST"]
[Termination "Mikhail_Golubev won by checkmate"]

1. e4 e5 2. Nf3 Nc6 3. Bb5 Nf6 4. O-O Nxe4 5. Re1 Nd6 6. Bf1 Be7 7. Nc3 O-O 8. d4 exd4 9. Nd5 Re8 10. Bf4 Bf8 11.
Qd3 h6 12. Nxd4 Nxd4 13. Qxd4 Nf5 14. Rxe8 Qxe8 15. Qd3 d6 16. Nxc7 Qc6 17. Nxa8 b6 18. Qf3 d5 19. Nc7 Nd4 20. Qxd5 Qxd5 21. Nxd5 Nxc2 22.
Rc1 Bf5 23. Ne3 Nxe3 24. Bxe3 Be6 25. Rc7 Bxa2 26. Rxa7 Bd5 27. Bxb6 Bb4 28. Rd7 Be6 29. Rd8+ Kh7 30. Bd3+ g6 31. Bd4 f6 32. Bxf6 Bg8 33. Bc4 Be7 34. Bxg8# 1-0